 Dungeon Crawl Stone Soup version 0.27-a0-773-gaaee5cf45b (webtiles) character file.

Game seed: 8035258577196421672

11 Shayle the Magician (level 2, -1/23 HPs)
             Began as a Djinni Warper on Mar 26, 2021.
             Slain by a hobgoblin (4 damage)
             ... on level 1 of the Dungeon.
             The game lasted 00:01:04 (111 turns).

Shayle the Magician (Djinni Warper)                  Turns: 111, Time: 00:01:05

Health: -1/23      AC:  3    Str: 10    XL:     2   Next: 25%
Gold:   0          EV: 12    Int: 14    God:
                   SH:  0    Dex: 12

rFire    + + .     SeeInvis .   a - +0 falchion
rCold    x . .     Faith    .   (no shield)
rNeg     . . .     Spirit   .   b - +0 leather armour
rPois    ∞         Reflect  .   (no helmet)
rElec    .         Harm     .   (no cloak)
rCorr    .         Rampage  .   (no gloves)
Will     .....                  (boots unavailable)
Stlth    +.........             (no amulet)
HPRegen  0.07/turn              (no ring)
MPRegen  0.00/turn              (no ring)

@: flying
A: fire resistance 2, cold vulnerability 1, float, innate caster, hp casting,
extra vitality 1
a: no special abilities


You were on level 1 of the Dungeon.
You visited 1 branch of the dungeon, and saw 1 of its levels.

Inventory:

Hand Weapons
 a - a +0 falchion (weapon)
Missiles
 e - a boomerang of dispersal (quivered)
Armour
 b - a +0 leather armour (worn)


   Skills:
 + Level 2.1 Fighting
 + Level 2.0 Long Blades
 - Level 0.7 Throwing
 + Level 1.2 Armour
 + Level 2.4 Dodging
 + Level 2.8 Spellcasting


You couldn't memorise any spells.
You knew the following spells:

 Your Spells              Type           Power      Damage    Failure   Level
a - Blink                 Tloc           N/A        N/A       14%         2
b - Lesser Beckoning      Tloc           4%         N/A       26%         3
c - Gell's Gravitas       Tloc           4%         N/A       26%         3
d - Teleport Other        Tloc           9%         N/A       26%         3
e - Manifold Assault      Tloc           9%         N/A       94%         5
Your spell library was empty.

Dungeon Overview and Level Annotations

Branches:
Dungeon (1/15)

Altars:


Innate Abilities, Weirdness & Mutations

You are immune to poison.
Your flesh is very heat resistant. (rF++)
You are vulnerable to cold. (rC-)
You float through the air rather than walking.
You learn spells naturally, not from books.
Your magical power is your life essence.
You have superior vitality. (+4 HP)


Message History

Unknown command.
Things that are here:
22 stones; a ball python corpse
Found a scroll labelled BERHOM XIPNAF.
Found a gold piece.
Throw: 5 boomerangs (disperse)
Press: ? - help, Q - select action, (/) - cycle Shift-Dir - straight line, f - hobgoblin
Aim: a hobgoblin (moderately wounded, 57% to hit)
You throw a boomerang of dispersal.
The boomerang of dispersal closely misses the hobgoblin.
Unknown command.
You see here a gold piece.
Throw: 4 boomerangs (disperse)
Press: ? - help, Q - select action, (/) - cycle Shift-Dir - straight line, f/p - hobgoblin
Aim: a hobgoblin (moderately wounded, 57% to hit)
You throw a boomerang of dispersal.
The boomerang of dispersal closely misses the hobgoblin.
The boomerang of dispersal hits the hobgoblin!
The hobgoblin blinks!
You feel a bit more experienced.
Your Long Blades skill increases to level 2!
Unknown command.
Throw: 3 boomerangs (disperse)
Press: ? - help, Q - select action, (/) - cycle Shift-Dir - straight line, f/p - hobgoblin
Aim: a hobgoblin (moderately wounded, 57% to hit)
You throw a boomerang of dispersal.
The boomerang of dispersal hits the hobgoblin but does no damage.
The hobgoblin is moderately wounded.
The hobgoblin barely misses you.
Throw: 2 boomerangs (disperse)
Press: ? - help, Q - select action, (/) - cycle Shift-Dir - straight line, f/p - hobgoblin
Aim: a hobgoblin (moderately wounded, 57% to hit)
You throw a boomerang of dispersal.
The boomerang of dispersal closely misses the hobgoblin.
The hobgoblin hits you.
* * * LOW HITPOINT WARNING * * *
You closely miss the hobgoblin.
The hobgoblin is moderately wounded.
The hobgoblin hits you.
You die...

### #. ... #.# #.#
#.# ##.## ##.# ...
##.?# #.#
....#######.#######.#
###........$...g@...#
..........###########
.##.####### ###.#
(...# #####


You could see a hobgoblin.

Vanquished Creatures
  A dart slug (D:1)
  2 ball pythons (D:1)
  A bat (D:1)
  A giant cockroach (D:1)
  A goblin (D:1)
  A hobgoblin (D:1)
7 creatures vanquished.

Notes
Turn   | Place    | Note
-------+----------+-------------------------------------------
     0 | D:1      | Shayle the Djinni Warper began the quest for the Orb.
     0 | D:1      | Reached XP level 1. HP: 18/18 MP: 0/0
     1 | D:1      | Noticed an electric eel
    68 | D:1      | Reached XP level 2. HP: 5/23 MP: 0/0
   111 | D:1      | Slain by a hobgoblin

Illustrated notes

Levels and vault maps discovered:
D:1:      arrival_aquarium_a, layout_loops_cross, roderic_nine_men_s_morris,
          item_on_display_a

Skill      XL: |  1  2 |
---------------+-------+-----
Long Blades    | 2 |  2.0
Fighting       | |  2.1
Throwing       | |  0.7
Armour         | |  1.2
Dodging        | |  2.4
Spellcasting   | |  2.8

Action                   || total
-------------------------++-------
Melee: Falchion          ||    15
Throw: Boomerang         ||     4
  Use: Scroll            ||     1
Armor: Leather armour    ||    16
Dodge: Dodged            ||    36
       Rpst.: Falchion   ||    12

Table legend: (Time is in decaauts)
 A = Elapsed time spent in this place.
 B = Non-inter-level travel time spent in this place.
 C = Inter-level travel time spent in this place.
 D = Time resting spent in this place.
 E = Time spent auto-exploring this place.
 F = Levels seen in this place.
 G = Mean time per level.
                   A        B        C        D        E       F      G
               +--------+--------+--------+--------+--------+-----+--------+
         Total |    115 |    115 |      0 |      0 |      1 |   1 |  115.0 |
       Dungeon |    115 |    115 |      0 |      0 |      1 |   1 |  115.0 |
               +--------+--------+--------+--------+--------+-----+--------+

Top non-repeatable levels by time:
     D:1: 115 daAuts
